cohdb
Replays
Latest Replays
All Replays
Popular Replays
Top Player Replays
Match Explorer
How It Works
Community
CoH3 Stats
Reddit
Sign in to upload your games and track your stats! →
Sign in with Steam
Match 41308232
Unlisted
Match 41308232
Overview
Messages
Build Orders
End
Selects Italian Coastal Battlegroup
Selects Italian Coastal Battlegroup
Selects Coastal Reserves
Coastal Reserve
Construct Infanterie Kompanie
MG 42 Machine Gun Team
Coastal Reserve
Medical Bunker
Coastal Reserve
Coastal Reserve
Infanterie Officer Quarters
Construct Panzergrenadier Kompanie
Selects Support Bunkers
Support Elements
Selects Artillery Officer
Artillery Officer
StuG III G Assault Gun
StuG III G Assault Gun
Kylen
runningDuck
juand400
A Quick Workaround
Pixel
Bold Taste
Blaston
Clara
0
0
Comments
sign in to comment!
No comments posted yet!